 Dungeon Crawl Stone Soup version 0.31-a0-845-g9abc20d24f (webtiles) character file.

Game seed: 4529760164396249291

6575 Shayle the Fighter (level 10, 0/83 HPs)
             Began as a Demonspawn Reaver on Oct 1, 2023.
             Was an Initiate of Ashenzari.
             Slain by an efreet
             ... wielding a +1 scimitar of flaming
              (6 damage)
             ... on level 9 of the Dungeon.
             The game lasted 00:20:48 (9065 turns).

Shayle the Fighter (Demonspawn Reaver)              Turns: 9065, Time: 00:20:49

Health: 0/83       AC: 20    Str: 13    XL:     10   Next: 71%
Magic:  0/22       EV:  9    Int: 19    God:    Ashenzari [......]
Gold:   334        SH:  4    Dex: 11    Spells: 22/26 levels left

rFire   + . .        A - +2 rapier (drain)
rCold   + . .        E - +0 buckler
rNeg    . . .        q - +7 Kryia's mail coat {PotionHeal*2 rC+}
rPois   .            n - +0 hat {Stlth+}
rElec   .            o - +0 cloak "Enuakhiw" {rF+}
rCorr   .            e - +0 pair of gloves
SInv    .            r - +1 pair of boots of the Chained Planets {Alch, Elem} (curse)
Will    .....        (no amulet)
Stlth   +            (no ring)
HPRegen 0.33/turn    (no ring)
MPRegen 0.36/turn

%: guardian spirit
@: no status effects
A: claws 1, powered by death 2, magic shield, magic regeneration
a: Renounce Religion, Curse Item, Shatter the Chains


You were on level 9 of the Dungeon.
You worshipped Ashenzari.
Ashenzari was noncommittal.
You visited 2 branches of the dungeon, and saw 10 of its levels.

You collected 478 gold pieces.
You spent 144 gold pieces at shops.

Inventory:

Hand Weapons
 a - a +0 spear
 i - a +0 long sword
 j - the +11 short sword of Opnion {flame, Int+5}
   (You found it on level 5 of the Dungeon)

   Int+5:     It affects your intelligence (+5).
 A - a +2 rapier of draining (weapon)
Armour
 b - a +0 leather armour
 e - a +0 pair of gloves (worn)
 k - a +0 ring mail
 n - a +0 hat of stealth (worn)
 o - the +0 cloak "Enuakhiw" (worn) {rF+}
   (You found it on level 3 of the Dungeon)

   rF+:       It protects you from fire.
 q - the +7 Kryia's mail coat (worn) {PotionHeal*2 rC+}
   (You found it on level 3 of the Dungeon)

   PotionHeal*2: Potions heal its wearer twice as much.
   rC+:       It protects you from cold.
 r - the cursed +1 pair of boots of the Chained Planets (worn) {Alch, Elem}
   (You found it on level 3 of the Dungeon)

   It has a curse which improves the following skills: Alchemy: Poison Magic and
   Transmutations.
   Elements:  Fire Magic, Ice Magic, Air Magic and Earth Magic.
 C - the +6 leather armour of Zin {+Inv rPois Int-2}
   (You found it on level 8 of the Dungeon)

   Int-2:     It affects your intelligence (-2).
   rPois:     It protects you from poison +Inv: It lets you turn invisible.
 E - a +0 buckler (worn)
Jewellery
 f - the amulet "Juesey" {Rampage rF+ Regen+ Str-3}
   (You found it on level 6 of the Dungeon)

   [amulet of regeneration]

   Str-3:     It affects your strength (-3).
   rF+:       It protects you from fire.
   Regen+:    It increases your rate of health regeneration.
   Rampage:   It bestows one free step when moving towards enemies.
Wands
 x - a wand of flame (8)
Scrolls
 d - a scroll of blinking
 g - a scroll of vulnerability
 h - 2 scrolls of butterflies
 t - a scroll of brand weapon
 u - 2 scrolls of amnesia
 y - a scroll of teleportation
 D - a scroll of torment
 F - a scroll of immolation {unknown}
Potions
 c - 2 potions of magic
 l - 2 potions of enlightenment {unknown}
 m - a potion of brilliance {unknown}
 p - a potion of lignification {unknown}
 s - a potion of invisibility {unknown}
 v - 3 potions of might {unknown}
 w - a potion of ambrosia {unknown}
 B - a potion of mutation {unknown}


   Skills:
 + Level 9.6 Fighting
 - Level 2.6 Polearms
 + Level 8.4 Armour
 - Level 1.7 Dodging
 + Level 2.5 Shields
 + Level 8.7 Spellcasting
 - Level 3.0 Conjurations
 - Level 1.7 Necromancy


You had 22 spell levels left.
You knew the following spells:

 Your Spells              Type           Power      Damage    Failure   Level
a - Kiss of Death         Conj/Necr      68%        2d10      16%         1
b - Vampiric Draining     Necr           15%        2d7       54%         3

Your spell library contained the following spells:

 Spells                   Type           Power      Damage    Failure   Level
 Momentum Strike          Conj/Tloc      28%        3d8       34%         2
 Slow                     Hex            32%        N/A       41%         1
 Hailstorm                Conj/Ice       14%        3d5       56%         3
 Call Canine Familiar     Summ           8%         N/A       78%         3
 Confusing Touch          Hex            8%         N/A       78%         3
 Sigil of Binding         Hex            8%         N/A       78%         3
 Dimensional Bullseye     Hex/Tloc       4%         N/A       99%         4
 Leda's Liquefaction      Hex/Erth       4%         N/A       99%         4


Dungeon Overview and Level Annotations

Branches:
Dungeon (9/15)             Temple (1/1) D:6
   Lair: D:8-11         Orc: D:9-12

Altars:
Ashenzari
Cheibriados
Dithmenos
Fedhas
Gozag
Hepliaklqana
Kikubaaqudgha
Makhleb
Nemelex Xobeh
Okawaru
Qazlal
Ru
Sif Muna
Trog
Uskayaw
Vehumet
Wu Jian
Xom
Yredelemnul

Shops:
D:1 :   D:2 !   D:4 ((!

Annotations:
D:6 3 runed translucent doors, Kurtz's ghost, novice OpFi; justen's ghost, weakling DrBe; knightboat's ghost, novice OpVM


Innate Abilities, Weirdness & Mutations

You have sharp fingernails.
You regenerate health from kills.
When hurt, damage is shared between your health and your magic reserves.
You regenerate magic rapidly.


Message History

Unknown command.
You hit the efreet but do no damage.
The efreet is almost dead.
The efreet hits you with a +1 scimitar of flaming!
The efreet burns you.
Unknown command.
You completely miss the efreet.
The efreet is almost dead.
The efreet barely misses you. The efreet gestures at you.
The bolt of fire hits you. You resist.
Unknown command.
You barely miss the efreet.
The efreet is almost dead.
The efreet hits you with a +1 scimitar of flaming!
* * * LOW HITPOINT WARNING * * *
The efreet burns you.
Unknown command.
You hit the efreet but do no damage.
The efreet is almost dead.
The efreet closely misses you.
You hit the efreet but do no damage.
The efreet is almost dead.
The efreet barely misses you.
You hit the efreet.
The efreet is almost dead.
The efreet barely misses you.
The efreet hits you with a +1 scimitar of flaming.
* * * LOW HITPOINT WARNING * * *
You barely miss the efreet.
The efreet is almost dead.
The efreet hits you with a +1 scimitar of flaming!
* * * LOW HITPOINT WARNING * * *
The efreet burns you.
* * * LOW HITPOINT WARNING * * *
Unknown command.
You barely miss the efreet.
The efreet is almost dead.
The efreet hits you with a +1 scimitar of flaming!
You die...

#...#......#.#.♣.♣.♣♣♣(..........
#...#......#.#♣.♣.♣♣♣)###########
'...##.....#.#.♣|♣....'....#
#...##.....#.#♣.♣.♣♣♣.######
#....+.....#.#.♣.♣.♣♣♣..
#....#.......###§### ###
#....#.......#♣°§§§# ♣♣
#...##.......#§§§°§#♣.~.♣.
#...##.......#§§@R...~~~.#
#....#...†.#.#§...§#♣.~.♣.
#...#####'##.#...♣.# .♣♣
#...##.......###.### ############
#............# ♣.♣ ♣♣....♣.♣....
#............# ... ♣.≈≈≈≈~≈~≈≈≈≈
#..........#.# ... .≈≈≈≈~≈~W~≈≈≈
#..........#.#♣... .≈≈≈≈~≈~≈≈≈≈
############.# ♣....♣W♣....


You could see an efreet.

Vanquished Creatures
  A two-headed ogre (D:8)
  Pikel (D:5)
  A cyclops (D:9)
  A komodo dragon (D:5)
  A hornet (D:9)
  Sigmund (D:5)
  A wyvern (D:9)
  A wraith (D:9)
  A yak (D:9)
  A steam dragon (D:6)
  3 orc warriors
  3 sky beasts
  3 ice beasts
  3 ogres
  2 centaurs
  A kobold brigand (D:8)
  4 bullfrogs
  2 scorpions
  13 wights
  7 killer bees
  2 howler monkeys
  4 jellies
  5 hounds
  A gnoll bouda (D:8)
  9 orc priests
  3 sleepcaps
  11 orc wizards
  4 iguanas
  3 gnolls
  5 adders
  A shadow imp (D:5)
  4 worms
  37 orcs
  8 ball pythons
  8 endoplasms
  2 giant cockroaches
  7 goblins
  5 hobgoblins
  4 jackals (D:4)
  4 quokkas
  10 bats
  3 frilled lizards
  11 kobolds
  3 rats
205 creatures vanquished.

Notes
Turn   | Place    | Note
-------+----------+-------------------------------------------
     0 | D:1      | Shayle the Demonspawn Reaver began the quest for the Orb.
     0 | D:1      | Reached XP level 1. HP: 16/16 MP: 3/3
   361 | D:1      | Gained mutation: You regenerate a little health from kills.
                  | [demonic ancestry]
   361 | D:1      | Reached XP level 2. HP: 22/22 MP: 5/5
   601 | D:1      | Found Viubopes's Book Shop.
   646 | D:1      | Reached skill level 1 in Necromancy
  1183 | D:2      | Reached skill level 1 in Armour
  1266 | D:2      | Gained mutation: You regenerate health from kills. [demonic
                  | ancestry]
  1266 | D:2      | Reached XP level 3. HP: 26/28 MP: 6/6
  1864 | D:2      | Found Dacagenk's Distillery.
  1890 | D:2      | Bought a potion of heal wounds for 70 gold pieces
  1890 | D:2      | Bought a potion of degeneration for 14 gold pieces
  2360 | D:3      | Reached XP level 4. HP: 34/34 MP: 7/7
  2449 | D:3      | Found the +7 Kryia's mail coat {PotionHeal*2 rC+}
  2469 | D:3      | Identified the +0 cloak "Enuakhiw" {rF+}
  2801 | D:3      | Reached skill level 3 in Fighting
  3279 | D:4      | Gained mutation: You regenerate magic rapidly. [demonic
                  | ancestry]
  3279 | D:4      | Reached XP level 5. HP: 32/41 MP: 9/9
  3487 | D:4      | Found Widuggir's Distillery.
  3493 | D:4      | Bought a potion of curing for 30 gold pieces
  3493 | D:4      | Bought a potion of curing for 30 gold pieces
  3813 | D:4      | Found Yfaijam's Antique Weapon Shop.
  3833 | D:4      | Gained mutation: When hurt, damage is shared between your
                  | health and your magic reserves. [demonic ancestry]
  3833 | D:4      | Reached XP level 6. HP: 37/41 MP: 11/11
  3842 | D:4      | Reached skill level 4 in Fighting
  3870 | D:5      | Entered Level 5 of the Dungeon
  4068 | D:5      | Reached XP level 7. HP: 22/55 MP: 6/13
  4192 | D:5      | Noticed Sigmund
  4204 | D:5      | Killed Sigmund
  4205 | D:5      | Reached skill level 5 in Fighting
  4272 | D:5      | Reached skill level 5 in Spellcasting
  4309 | D:5      | Identified the +11 short sword of Opnion {flame, Int+5}
  4316 | D:5      | Learned a level 3 spell: Vampiric Draining
  4405 | D:5      | Reached XP level 8. HP: 63/63 MP: 15/15
  4414 | D:5      | Found a snail-covered altar of Cheibriados.
  4534 | D:5      | Noticed Pikel
  4550 | D:5      | Killed Pikel
  4551 | D:5      | Reached skill level 6 in Fighting
  4551 | D:5      | Reached skill level 5 in Armour
  5025 | D:4      | Found Meafuhaapn's Weapon Shoppe.
  5259 | D:6      | Found a staircase to the Ecumenical Temple.
  5269 | Temple   | Entered the Ecumenical Temple
  5283 | Temple   | Became a worshipper of Ashenzari the Shackled
  5356 | D:6      | Noticed a komodo dragon
  5383 | D:5      | Killed a komodo dragon
  5384 | D:5      | Reached skill level 7 in Fighting
  5384 | D:5      | Reached XP level 9. HP: 67/72 MP: 16/18
  6017 | D:6      | Found a runed translucent gate.
  6017 | D:6      | Found a runed translucent gate.
  6017 | D:6      | Found a runed translucent gate.
  6024 | D:6      | Noticed justen's ghost (weakling DrBe)
  6024 | D:6      | Noticed knightboat's ghost (novice OpVM)
  6024 | D:6      | Noticed Kurtz's ghost (novice OpFi)
  6082 | D:6      | Identified the amulet "Juesey" {Rampage rF+ Regen+ Str-3}
  6576 | D:7      | Reached skill level 8 in Fighting
  7333 | D:8      | Noticed a two-headed ogre
  7345 | D:8      | Killed a two-headed ogre
  7346 | D:8      | Gained mutation: You have sharp fingernails. [demonic
                  | ancestry]
  7346 | D:8      | Reached XP level 10. HP: 47/82 MP: 6/22
  7443 | D:8      | Identified the +6 leather armour of Zin {+Inv rPois Int-2}
  7542 | D:8      | Reached skill level 9 in Fighting
  7546 | D:8      | Found a sparkling altar of Nemelex Xobeh.
  8148 | D:9      | Found an ancient bone altar of Kikubaaqudgha.
  8309 | D:9      | Found an ornate altar of the Wu Jian Council.
  8361 | D:9      | Reached skill level 1 in Shields
  8376 | D:9      | Noticed a two-headed ogre
  8569 | D:9      | Paralysed by a hornet for 1 turns
  8924 | D:9      | Noticed a cyclops
  8947 | D:9      | Killed a cyclops
  9065 | D:9      | Slain by an efreet

Illustrated notes

Levels and vault maps discovered:
D:1:      orjb1_clovarrival, layout_basic, serial_shops, shop
D:2:      layout_loops_corners, serial_shops, shop, nrook_loot_triangle,
          minmay_diced_spiral
D:3:      layout_basic, minivault_14, minivault_24
D:4:      layout_loops_cross, serial_shops, shop,
          nicolae_shop_industrial_runoff, nicolae_shop_bloodbath_and_beyond,
          minmay_distorted
D:5:      layout_basic, slow_altar_1, uniq_pikel, uniq_sigmund
D:6:      layout_basic, minmay_temple_entry_mist, gammafunk_ghost_cemetery
D:7:      layout_basic
D:8:      layout_basic, lemuel_round_altar
D:9:      nzn_winding_woodlands_medium [nzn_winding_woodlands_5x5_default,
          nzn_winding_woodlands_5x15_river_crossing,
          nzn_winding_woodlands_hourglass, nzn_winding_woodlands_5x5_open_star,
          nzn_winding_woodlands_center_triple_pond,
          nzn_winding_woodlands_5x5_cross,
          nzn_winding_woodlands_5x5_checkerboard,
          nzn_winding_woodlands_5x15_longhouse,
          nzn_winding_woodlands_5x5_closed_star], layout_stronghold,
          lemuel_round_altar, kennysheep_mini_moat
Temple:   compressed_dpeg_circular_temple

Skill      XL: |  1  2  3  4  5  6  7  8  9 10 |
---------------+-------------------------------+-----
Necromancy     | 1 |  1.7
Armour         | 1 2 3 4 6 7 8 |  8.4
Fighting       | 3 4 5 7 8 9 |  9.6
Spellcasting   | 3 4 5 6 8 |  8.7
Shields        | 2 |  2.5
Polearms       | |  2.6
Dodging        | |  1.7
Conjurations   | |  3.0

Action                     |  1- 3 |  4- 6 |  7- 9 | 10-12 || total
---------------------------+-------+-------+-------+-------++-------
  Melee: Spear             |    97 |       |       |       ||    97
         Long sword        |    94 |   205 |    60 |       ||   359
         Punch             |       |     1 |     5 |       ||     6
         Short sword       |       |       |   249 |   179 ||   428
         Rapier            |       |       |       |    26 ||    26
   Cast: Kiss of Death     |       |     3 |     2 |       ||     5
 Invoke: Curse Item        |       |       |     1 |       ||     1
  Evoke: Wand              |       |     3 |    10 |     5 ||    18
    Use: Potion            |       |     5 |     1 |     1 ||     7
         Scroll            |       |     2 |    10 |     3 ||    15
   Stab: Distracted        |     1 |       |       |       ||     1
 Armour: Leather armour    |    91 |       |       |       ||    91
         Ring mail         |    33 |     3 |       |       ||    36
         Scale mail        |       |   260 |   246 |   192 ||   698
  Dodge: Dodged            |   149 |   172 |   142 |    81 ||   544
  Block: Buckler           |       |       |       |    22 ||    22

Table legend: (Time is in decaauts)
 A = Elapsed time spent in this place.
 B = Non-inter-level travel time spent in this place.
 C = Inter-level travel time spent in this place.
 D = Time resting spent in this place.
 E = Time spent auto-exploring this place.
 F = Levels seen in this place.
 G = Mean time per level.
                   A        B        C        D        E       F      G
               +--------+--------+--------+--------+--------+-----+--------+
         Total |   9265 |   8742 |    523 |    697 |   5597 |  10 |  926.5 |
       Dungeon |   9236 |   8727 |    509 |    697 |   5597 |   9 | 1026.2 |
        Temple |     28 |     14 |     14 |      0 |      0 |   1 |   28.0 |
               +--------+--------+--------+--------+--------+-----+--------+

Top non-repeatable levels by time:
     D:5: 1328 daAuts
     D:2: 1179 daAuts
     D:8: 1173 daAuts
     D:6: 1062 daAuts
     D:1: 1045 daAuts
     D:3: 1036 daAuts
     D:4: 932 daAuts
     D:9: 774 daAuts
     D:7: 704 daAuts
  Temple: 28 daAuts
